 Seeded DCSS version 0.30-a0-368-g86fb4627a9 (webtiles) character file.

Game seed: 20221117 (custom seed)

19572 Nerdsrcool the Thaumaturge (level 13, 0/71 (82) HPs)
             Began as a Djinni Fire Elementalist on Nov 17, 2022.
             Was the Champion of Jiyva.
             Constricted to death by a naga (1 damage)
             ... on level 2 of the Lair of Beasts on Nov 18, 2022.
             The game lasted 00:58:58 (12572 turns).

Nerdsrcool the Thaumaturge (DjFE)                  Turns: 12572, Time: 00:59:05

HP:   0/71 (82)     AC: 13    Str:  9    XL:     13   Next: 5%
Gold: 650           EV: 12    Int: 24    God:    Jiyva [******] SH:  6 Dex: 14

rFire   + . .      SeeInvis +    e - +7 war axe "Sukael" {vorpal, *Corrode rC+ rN+++ SInv}
rCold   + . .      Faith    .    l - +2 buckler
rNeg    + + +      Spirit   .    D - +1 steam dragon scales
rPois   ∞          Reflect  .    (no helmet)
rElec   .          Harm     .    I - +0 cloak
rCorr   +          Rampage  .    C - +0 pair of gloves
Will    +....                    (boots unavailable)
Stlth   ++++......               (no amulet)
HPRegen 1.91/turn                b - ring of ice
MPRegen 0.00/turn                (no ring)

@: freezing walls, flying, mesmerised, constricted, heavily drained
A: sickness immunity, fire resistance 2, cold vulnerability 1, float, innate
caster, HP casting, extra vitality 1, iridescent scales 2, clever 2, wild magic
1, acidic bite, translucent skin 2, tendrils, MP-powered wands
a: Renounce Religion, Oozemancy, Slimify


You were on level 2 of the Lair of Beasts.
You worshipped Jiyva.
Jiyva was exalted by your worship.
You visited 2 branches of the dungeon, and saw 12 of its levels.

You collected 650 gold pieces.

Inventory:

Hand Weapons
 e - the +7 war axe "Sukael" (weapon) {vorpal, *Corrode rC+ rN+++ SInv}
   (You found it on level 7 of the Dungeon)

   It inflicts extra damage upon your enemies.
   rC:        It protects you from cold.
   rN:        It renders you almost immune to negative energy.
   SInv:      It lets you see invisible.
   *Corrode:  It may corrode you when you take damage.
 g - a +0 dagger of speed
 h - a +1 dagger of speed
 r - a +2 hand axe of electrocution
 v - a +2 flail of holy wrath
 B - a +2 whip of flaming
 F - a +4 dagger of flaming
 H - a +2 spear
 R - the +7 great mace "Undeadhunter" {disrupt, rN+}
   (You found it on level 1 of the Lair of Beasts)

   It inflicts significantly more damage against the undead.
   rN:        It protects you from negative energy.
Missiles
 d - 5 datura-tipped darts
 i - 2 boomerangs
 x - 20 poisoned darts
Armour
 a - a +0 robe
 c - a +0 leather armour
 l - a +2 buckler (worn)
 w - a +0 leather armour of cold resistance
 C - a +0 pair of gloves (worn)
 D - +1 steam dragon scales (worn)
 I - a +0 cloak (worn)
 J - a +2 robe of resistance
Jewellery
 b - a ring of ice (left hand)
 M - a ring of see invisible
Wands
 k - a wand of digging (4)
 q - a wand of polymorph (3)
 u - a wand of paralysis (18)
 G - a wand of acid (5)
 O - a wand of roots (2)
Scrolls
 f - 8 scrolls of teleportation
 m - 3 scrolls of magic mapping
 p - a scroll of blinking
 t - a scroll of poison
 y - a scroll of fog
 E - a scroll of fear
 N - a scroll of noise
 Q - a scroll of identify
 S - a scroll of vulnerability {unknown}
Potions
 j - a potion of lignification {unknown}
 n - 2 potions of brilliance {unknown}
 o - 3 potions of might
 s - a potion of flight {unknown}
 z - a potion of cancellation {unknown}
 A - 3 potions of berserk rage
 K - a potion of haste {unknown}
Miscellaneous
 P - a phial of floods (inert)


   Skills:
 + Level 3.5 Fighting
 + Level 1.1 Short Blades
 + Level 5.3 Axes
 + Level 4.5 Armour
 + Level 8.1 Dodging
 + Level 4.2 Stealth
 + Level 2.8 Shields
 + Level 12.8 Spellcasting
 + Level 1.3 Evocations


You had 6 spell levels left.
You knew the following spells:

 Your Spells              Type           Power      Damage    Failure   Level
a - Foxfire               Conj/Fire      100%       2x1d9     1%          1
b - Scorch                Fire           100%       2d10      1%          2
c - Kindle Blastsparks    Fire/Tloc/Air  100%       2d18      1%          3
d - Inner Flame           Hex/Fire       79%        N/A       1%          3
e - Flame Wave            Conj/Fire      79%        2d17      1%          4
f - Kiss of Death         Conj/Necr      100%       2d13      1%          1
g - Wereblood             Tmut           79%        N/A       1%          2
h - Ensorcelled Hibernat  Hex/Ice        100%       N/A       1%          2
i - Frozen Ramparts       Ice            100%       1d16      1%          3
j - Silence               Hex/Air        39%        N/A       1%          5
k - Summon Forest         Summ/Tloc      39%        N/A       1%          5
Your spell library was empty.

Dungeon Overview and Level Annotations

Branches:
Dungeon (10/15)            Temple (0/1) D:4            Lair (2/5) D:10
  Swamp: Lair:2-3    Shoals: Lair:2-3     Snake: Lair:2-3    Spider: Lair:2-3
    Orc: D:9-12

Altars:
Elyvilon
Gozag
Hepliaklqana
Wu Jian
Jiyva

Shops:
D:8 (

Annotations:
D:3 1 runed translucent door, Crazy Yiuf


Innate Abilities, Weirdness & Mutations

You are immune to sickness and miasma.
You are immune to poison.
Your flesh is very heat resistant. (rF++)
You are vulnerable to cold. (rC-)
You float through the air rather than walking.
You learn spells naturally, not from books.
Your magical power is your life essence.
You have superior vitality. (+4 MHP)
You are mostly covered in iridescent scales. (AC +4)
Your mind is very acute. (Int +8, Str/Dex -2)
Your spells are a little harder to cast, but a little more powerful.
You have acidic saliva.
Your translucent skin reduces your foes' accuracy. (Stealth+)
You are covered in slimy tendrils that may disarm your opponents.
You expend health (3 HP) to strengthen your wands.


Message History

Flames lash the merfolk siren.
The merfolk siren is moderately wounded.
The merfolk siren's fire resistance burns away.
The wall freezes the merfolk siren.
You block the merfolk siren's attack.
The wall freezes the naga but does no damage.
The naga drinks a potion.
The naga seems to grow stronger.
The naga constricts you.
* * * LOW HITPOINT WARNING * * *
The wall freezes the hell rat but does no damage.
You feel better.
The wall freezes the merfolk siren.
The merfolk siren hits you from afar with a +0 trident!
* * * LOW HITPOINT WARNING * * *
The wall freezes the merfolk siren.
The merfolk siren hits you but does no damage.
The wall freezes the naga but does no damage.
The naga spits poison at you. The splash of poison misses you.
The naga constricts you.
* * * LOW HITPOINT WARNING * * *
Blink to where?
Press: ? - help, Q - select action, (/) - cycle Dir - move target, f - merfolk siren
Aim: a merfolk siren, wielding a +0 trident (heavily wounded, more vulnerable to fire)
Okay, then.
Aiming: Kiss of Death (safe; 1% risk of failure)
Press: ? - help, Q - select action, (/) - cycle Shift-Dir - straight line, f - naga
Aim: a naga (severely wounded, constricting you, strong, catching its breath, 100% to hit)
The negative energy hits the naga!
The naga is drained!
The naga is almost dead.
You feel drained.
* * * LOW HITPOINT WARNING * * *
The wall freezes the merfolk siren.
The merfolk siren chants a haunting song.
The wall freezes the merfolk siren!
The merfolk siren chants its luring song.
The wall freezes the hell rat but does no damage.
The wall freezes the naga but does no damage.
The naga hits you!!
* * * LOW HITPOINT WARNING * * *
You shudder from the blow and a jelly pops out!
The naga constricts you.
You die...

.. #.[. ....~
P..#### . ##..
...~~~~...#P#
...##..
..~~~~#..... ..
...##. ~~~~.~#..P.#
#.##..#.#
~~..#..⌠.#
#......<. .mm....#
#........ #N†...#
#.P...... #J@#
#.#...... #..#
#..#..^.. #..#
#........ ##.#
#.#...... #..#
#..#....)
#P.########..#.P###
##.............## #
##...........## #
#######P#.### #


You could see 2 merfolk sirens, a naga (strong, catching breath, drained, ally
target) and a friendly quicksilver ooze (summoned).

Vanquished Creatures
  A catoblepas (Lair:1)
  3 two-headed ogres
  Pikel (D:8)
  Maurice (D:8)
  3 elephants (Lair:1)
  A gargoyle (D:10)
  3 cane toads
  Maggie (D:8)
  3 kobold demonologists
  A queen bee (Lair:1)
  A troll (D:9)
  13 blink frogs
  Sigmund (D:2)
  30 yaks
  A shadow (D:10)
  A wraith (D:10)
  A vampire (D:10)
  A basilisk (Lair:2)
  A wyvern (D:9)
  A steam dragon (D:10)
  Menkaure (D:6)
  2 vampire mosquitoes (D:10)
  A naga (Lair:2)
  Edmund (D:6)
  An acid dragon (D:8)
  10 water moccasins
  An ice beast (D:7)
  3 orc warriors (D:9)
  An ogre (D:4)
  3 black bears
  2 lemures (D:8)
  A centaur (D:10)
  3 kobold brigands
  8 bullfrogs
  Blork the orc (D:4)
  A gnoll sergeant (D:10)
  3 wights (D:8)
  19 killer bees
  3 howler monkeys
  3 electric eels (D:7)
  2 gnoll boudas
  An orc priest (D:5)
  An iguana (D:6)
  6 orc wizards
  4 hell rats (Lair:2)
  Robin (D:2)
  6 adders
  17 gnolls
  2 shadow imps
  5 white imps
  An ufetubus (D:4)
  9 dart slugs
  40 orcs
  5 ball pythons
  3 giant cockroaches
  11 hobgoblins
  2 jackals (D:1)
  6 kobolds
  3 quokkas
  3 bats
  A frilled lizard (D:1)
  11 goblins
277 creatures vanquished.

Vanquished Creatures (collateral kills)
  An orc (D:9)
  15 foxfires
16 creatures vanquished.

Vanquished Creatures (others)
  A slime creature (D:10)
  A water moccasin (D:5)
  An orc warrior (D:8)
  A centaur (D:10)
  A bullfrog (D:10)
  A scorpion (D:6)
  4 wights (D:7)
  An orc priest (D:5)
  13 jellies
  An iguana (D:6)
  An orc wizard (D:8)
  2 adders
  3 shadow imps
  A worm (D:3)
  A dart slug (D:5)
  5 orcs
  A ball python (D:3)
  2 endoplasms
  A goblin (D:3)
  2 kobolds
  A frilled lizard (D:3)
  900 foxfires
  64 fungi
  73 plants
1082 creatures vanquished.

Grand Total: 1375 creatures vanquished

Notes
Turn   | Place    | Note
-------+----------+-------------------------------------------
     0 | D:1      | Nerdsrcool the Djinni Fire Elementalist began the quest for
                  | the Orb.
     0 | D:1      | Nerdsrcool set off with the following spells memorised:
                  | Foxfire, Scorch, Kindle Blastsparks, Inner Flame, Flame
                  | Wave.
     0 | D:1      | Reached XP level 1. HP: 15/15 MP: 0/0
    87 | D:1      | Found a faded altar of an unknown god.
   124 | D:1      | Prayed at the altar of an unknown god.
   124 | D:1      | Became a worshipper of Jiyva Jaipyrph the Shapeless
   124 | D:1      | Reached * piety under Jiyva
   201 | D:1      | Reached XP level 2. HP: 21/21 MP: 0/0
   339 | D:1      | Reached skill level 3 in Spellcasting
   543 | D:1      | Reached XP level 3. HP: 25/25 MP: 0/0
   543 | D:1      | Learned a level 1 spell: Kiss of Death
   662 | D:2      | Noticed Sigmund
   732 | D:2      | Noticed Robin
   739 | D:2      | Killed Robin
   765 | D:2      | Reached XP level 4. HP: 31/31 MP: 0/0
   795 | D:2      | Reached ** piety under Jiyva
   833 | D:2      | Killed Sigmund
   834 | D:2      | Reached skill level 1 in Short Blades
   834 | D:2      | Reached skill level 4 in Spellcasting
   834 | D:2      | Reached XP level 5. HP: 35/35 MP: 0/0
   834 | D:2      | Learned a level 2 spell: Wereblood
   834 | D:2      | Reached XP level 6. HP: 40/40 MP: 0/0
  1289 | D:3      | Reached skill level 1 in Armour
  1290 | D:3      | Reached *** piety under Jiyva
  1474 | D:3      | Gained mutation: Your translucent skin slightly reduces
                  | your foes' accuracy. (Stealth+) [Jiyva's grace]
  1474 | D:3      | Gained mutation: Your translucent skin reduces your foes'
                  | accuracy. (Stealth+) [Jiyva's grace]
  1474 | D:3      | Gained mutation: Your transparent skin significantly
                  | reduces your foes' accuracy. (Stealth+) [Jiyva's grace]
  1474 | D:3      | Gained mutation: You expend health (3 HP) to strengthen
                  | your wands. [Jiyva's grace]
  1726 | D:3      | Found a runed translucent door.
  1727 | D:3      | Noticed Crazy Yiuf
  2138 | D:4      | Reached **** piety under Jiyva
  2211 | D:4      | Found a staircase to the Ecumenical Temple.
  2417 | D:4      | Noticed an ogre
  2428 | D:4      | Killed an ogre
  2429 | D:4      | Reached skill level 5 in Spellcasting
  2429 | D:4      | Reached XP level 7. HP: 44/45 MP: 0/0
  2429 | D:4      | Learned a level 2 spell: Ensorcelled Hibernation
  2544 | D:4      | Noticed Blork the orc
  2549 | D:4      | Killed Blork the orc
  2561 | D:5      | Entered Level 5 of the Dungeon
  2631 | D:5      | Found an ornate altar of the Wu Jian Council.
  3027 | D:5      | Killed a water moccasin
  7615 | D:6      | Noticed a yak
  7615 | D:6      | Noticed a yak
  7615 | D:6      | Noticed a yak
  7645 | D:6      | Noticed Edmund
  7714 | D:6      | Noticed Menkaure
  7793 | D:6      | Killed Menkaure
  7878 | D:6      | Gained mutation: You are partially covered in iridescent
                  | scales. (AC +2) [Jiyva's grace]
  7878 | D:6      | Gained mutation: You are mostly covered in iridescent
                  | scales. (AC +4) [Jiyva's grace]
  7878 | D:6      | Gained mutation: You are completely covered in iridescent
                  | scales. (AC +6) [Jiyva's grace]
  7878 | D:6      | Gained mutation: You have acidic saliva. [Jiyva's grace]
  7951 | D:6      | Reached XP level 8. HP: 26/31 MP: 0/0
  8050 | D:6      | Killed Edmund
  8084 | D:6      | Reached ***** piety under Jiyva
  8211 | D:6      | Reached skill level 6 in Spellcasting
  8368 | D:5      | Killed a yak
  8384 | D:5      | Killed a yak
  8403 | D:5      | Killed a yak
  8404 | D:5      | Reached XP level 9. HP: 44/56 MP: 0/0
  8404 | D:5      | Learned a level 3 spell: Frozen Ramparts
  8472 | D:6      | Found a hazy altar of Hepliaklqana.
  8473 | D:6      | Found a white marble altar of Elyvilon.
  8692 | D:7      | Upgraded the game from 0.30-a0-365-ge7f957f1db to
                  | 0.30-a0-368-g86fb4627a9
  8759 | D:7      | Reached skill level 7 in Spellcasting
  8765 | D:7      | Reached skill level 1 in Axes
  8811 | D:7      | You are sucked into a shaft and drop 1 floor!
  8842 | D:7      | Noticed a kobold demonologist
  8859 | D:7      | Noticed a sun demon
  8860 | D:7      | Killed a kobold demonologist
  8861 | D:7      | Reached skill level 1 in Fighting
  9092 | D:7      | Identified the +7 war axe "Sukael" {vorpal, *Corrode rC+
                  | rN+++ SInv}
  9228 | D:8      | Found an opulent altar of Gozag.
  9242 | D:8      | Noticed Pikel
  9248 | D:8      | Killed Pikel
  9249 | D:8      | Reached skill level 8 in Spellcasting
  9320 | D:8      | Noticed Maggie
  9332 | D:8      | Reached XP level 10. HP: 58/62 MP: 0/0
  9346 | D:8      | Killed Maggie
  9585 | D:8      | Noticed Maurice
  9605 | D:8      | Killed Maurice
  9606 | D:8      | Reached skill level 9 in Spellcasting
  9627 | D:8      | Found Narumpa's Weapon Shoppe.
  9996 | D:9      | Reached skill level 5 in Dodging
 10067 | D:9      | Noticed a two-headed ogre
 10076 | D:9      | Killed a two-headed ogre
 10350 | D:9      | Reached skill level 10 in Spellcasting
 10350 | D:9      | Reached XP level 11. HP: 67/68 MP: 0/0
 10350 | D:9      | Learned a level 5 spell: Silence
 10407 | D:9      | Lost mutation: You are completely covered in iridescent
                  | scales. (AC +6) [Jiyva's grace]
 10407 | D:9      | Lost mutation: Your transparent skin significantly reduces
                  | your foes' accuracy. (Stealth+) [Jiyva's grace]
 10407 | D:9      | Gained mutation: You are covered in slimy tendrils that may
                  | disarm your opponents. [Jiyva's grace]
 10407 | D:9      | Gained mutation: Your mind is acute. (Int +4, Str/Dex -1)
                  | [Jiyva's grace]
 10407 | D:9      | Gained mutation: Your mind is very acute. (Int +8, Str/Dex
                  | -2) [Jiyva's grace]
 10407 | D:9      | Gained mutation: Your spells are a little harder to cast,
                  | but a little more powerful. [Jiyva's grace]
 10762 | D:10     | Entered Level 10 of the Dungeon
 10979 | D:10     | Noticed a two-headed ogre
 10988 | D:10     | Killed a two-headed ogre
 10989 | D:10     | Reached skill level 1 in Evocations
 11032 | D:10     | Found a staircase to the Lair.
 11170 | D:10     | Noticed a two-headed ogre
 11189 | D:10     | Reached skill level 11 in Spellcasting
 11192 | D:10     | Killed a two-headed ogre
 11207 | D:10     | Reached skill level 1 in Shields
 11471 | Lair:1   | Entered Level 1 of the Lair of Beasts
 11498 | Lair:1   | Reached XP level 12. HP: 60/76 MP: 0/0
 11533 | Lair:1   | Reached ****** piety under Jiyva
 11720 | Lair:1   | Reached skill level 12 in Spellcasting
 11813 | Lair:1   | Found the +7 great mace "Undeadhunter" {disrupt, rN+}
 11827 | Lair:1   | Noticed a catoblepas
 11853 | Lair:1   | Killed a catoblepas
 12300 | Lair:2   | Reached skill level 5 in Axes
 12520 | Lair:2   | Reached XP level 13. HP: 82/82 MP: 0/0
 12520 | Lair:2   | Learned a level 5 spell: Summon Forest
 12572 | Lair:2   | HP: 1/71 [naga (19)]
 12572 | Lair:2   | Constricted to death by a naga

Illustrated notes

Levels and vault maps discovered:
D:1:      saegor_arrival_simple_e, layout_basic, shapermc_ecumenical_altar_gd,
          minmay_misc_feat_tower
D:2:      layout_rooms, uniq_sigmund, uniq_robin
D:3:      layout_loops_ring, uniq_crazy_yiuf_cottage
D:4:      layout_loops_ring, tgw_sif, minmay_temple_entry_tees,
          uniq_blork_the_orc
D:5:      layout_basic, general_overflow_altar
D:6:      layout_basic, nicolae_overflow_hidden_temple, kennysheep_minor_cross,
          grunt_decor_clamped, mrwooster_statue_mirror, serial_bayou_pond_d,
          grunt_ministairs_15, uniq_edmund, uniq_menkaure
D:7:      kennysheep_slugbush, layout_cave_pools
D:8:      layout_basic, lemuel_doored_altar, serial_shops, shop, uniq_maggie,
          uniq_pikel, uniq_maurice
D:9:      layout_loops_ring, special_room [special_room_orc],
          kennysheep_generic_room_3
D:10:     layout_roguey, due_lair_maze_entry_diamond, minmay_joined_circles
Lair:1:   layout_roguey, serial_bayou_shore_b
Lair:2:   layout_misc_corridors, elwin_shoals_entry_stream,
          guppyfry_snake_entry_island, special_room [special_room_bee],
          eino_house_with_fridge, grunt_megastairs_3, serial_bayou_shore_b,
          infiniplex_staircase_pool

Skill      XL: |  1  2  3  4  5  6  7  8  9 10 11 12 |
---------------+-------------------------------------+-----
Spellcasting   | 3 4 5 6 8 10 11 12 | 12.8
Short Blades   | 1 |  1.1
Stealth        | 2 3 4 |  4.2
Armour         | 1 2 4 |  4.5
Dodging        | 3 4 5 6 8 |  8.1
Axes           | 2 3 4 5 |  5.3
Fighting       | 1 2 3 |  3.5
Evocations     | 1 |  1.3
Shields        | 1 2 |  2.8

Action                   |  1- 3 |  4- 6 |  7- 9 | 10-12 | 13-15 || total
-------------------------+-------+-------+-------+-------+-------++-------
Melee: Dagger            |    31 |     6 |       |       |       ||    37
       Hand axe          |       |       |    32 |       |       ||    32
       Bite              |       |       |     5 |    10 |       ||    15
       War axe           |       |       |     1 |    92 |     6 ||    99
       Punch             |       |       |       |     1 |       ||     1
 Cast: Foxfire           |    59 |    82 |   182 |   280 |    13 ||   616
       Scorch            |     6 |     4 |    19 |   114 |     1 ||   144
       Kiss of Death     |       |       |     6 |       |     1 ||     7
       Flame Wave        |       |       |     2 |    13 |     1 ||    16
       Kindle Blastspark |       |       |       |     9 |       ||     9
       Inner Flame       |       |       |       |     1 |       ||     1
       Wereblood         |       |       |       |     1 |       ||     1
       Frozen Ramparts   |       |       |       |       |     1 ||     1
Invok: Slimify           |       |       |       |     1 |       ||     1
       Oozemancy         |       |       |       |     1 |       ||     1
Evoke: Wand              |       |       |       |     4 |       ||     4
       Phial of floods   |       |       |       |     1 |       ||     1
  Use: Potion            |       |       |       |     3 |     1 ||     4
       Scroll            |       |       |       |    12 |       ||    12
Armor: Robe              |     2 |       |       |       |       ||     2
       Leather armour    |     5 |     4 |    15 |       |       ||    24
       Steam dragon scal |       |       |       |   115 |     3 ||   118
Dodge: Dodged            |    17 |     8 |    32 |   270 |    14 ||   341
Block: Buckler           |       |       |       |    74 |     4 ||    78

Table legend: (Time is in decaauts)
 A = Elapsed time spent in this place.
 B = Non-inter-level travel time spent in this place.
 C = Inter-level travel time spent in this place.
 D = Time resting spent in this place.
 E = Time spent auto-exploring this place.
 F = Levels seen in this place.
 G = Mean time per level.
                   A        B        C        D        E       F      G
               +--------+--------+--------+--------+--------+-----+--------+
         Total |  12605 |  12492 |    113 |   4015 |   5982 |  12 | 1050.4 |
       Dungeon |  11484 |  11371 |    113 |   4015 |   5320 |  10 | 1148.4 |
          Lair |   1121 |   1121 |      0 |      0 |    662 |   2 |  560.5 |
               +--------+--------+--------+--------+--------+-----+--------+

Top non-repeatable levels by time:
     D:4: 4261 daAuts
     D:5: 1498 daAuts
     D:6: 905 daAuts
  Lair:1: 890 daAuts
     D:3: 884 daAuts
     D:9: 842 daAuts
     D:8: 747 daAuts
    D:10: 716 daAuts
     D:1: 701 daAuts
     D:7: 491 daAuts
     D:2: 433 daAuts
  Lair:2: 230 daAuts
